 Dungeon Crawl Stone Soup version 0.19-a0-713-g934ebc7 (webtiles) character file.

5480 Arkorax the Basher (level 10, -2/118 HPs)
             Began as an Ogre Gladiator on June 20, 2016.
             Was an Initiate of Gozag.
             Slain by a troll (14 damage)
             ... on level 10 of the Dungeon.
             The game lasted 00:15:02 (9009 turns).

Arkorax the Basher (Ogre Gladiator)                 Turns: 9009, Time: 00:15:03

Health: -2/118     AC:  6    Str: 26 (27) XL:     10   Next: 69%
Magic:  10/10      EV: 12    Int: 11 (12) God:    Gozag
Gold:   1080       SH:  0    Dex: 10 (13) Spells: 0 memorised, 9 levels left

rFire  . . .     SeeInvis .     L - +0 giant club
rCold  . . .     Gourm    .     b - +0 robe
rNeg   . . .     Faith    .     (shield currently unavailable)
rPois  +         Spirit   .     c - +1 hat
rElec  .         Dismiss  .     (no cloak)
rCorr  .         Reflect  .     (gloves unavailable)
SustAt .         Harm     .     (boots unavailable)
MR     +....                    D - amulet of regeneration
Stlth  +.........               n - +2 ring of protection
                                q - ring of poison resistance

@: mighty, brilliant, somewhat resistant to hostile enchantments, very
unstealthy
A: unfitting armour, tough skin 1
a: Potion Petition, Call Merchant, Bribe Branch, Renounce Religion


You were on level 10 of the Dungeon.
You worshipped Gozag.
Gozag was noncommittal.
You were not hungry.

You visited 2 branches of the dungeon, and saw 11 of its levels.

You collected 1115 gold pieces.
You paid 35 gold pieces to Gozag.

Inventory:

Hand Weapons
 a - a +1 flail
 r - a +0 giant spiked club
 G - a +1 whip of flaming
 L - a +0 giant club (weapon)
Armour
 b - a +0 robe (worn)
 c - a +1 hat (worn)
Jewellery
 k - an uncursed ring of teleportation
 l - an uncursed ring of ice
 n - a +2 ring of protection (right hand)
 q - a ring of poison resistance (left hand)
 D - an amulet of regeneration (around neck)
 E - an uncursed amulet of the gourmand {unknown}
 H - an uncursed ring of ice
Wands
 m - a wand of enslavement (7/24)
 p - a wand of slowing (20/48)
 A - a wand of flame (14/48)
 I - a wand of enslavement (3/24)
Scrolls
 e - 4 scrolls of identify
 i - a scroll of magic mapping
 s - a scroll of recharging
 y - 2 scrolls of enchant armour
 B - 2 scrolls of amnesia
Potions
 z - a potion of might
 C - a potion of brilliance
 J - a potion of cancellation {unknown}
 K - a potion of heal wounds {unknown}
Books
 h - a book of Maledictions

   Spells                             Type                      Level
   a - Corona                         Hexes                        1
   b - Ensorcelled Hibernation        Hexes/Ice                    2
   c - Confuse                        Hexes                        3
   d - Tukima's Dance                 Hexes                        3
   e - Dazzling Spray                 Conjuration/Hexes            3
 t - a book of the Tempests

   Spells                             Type                      Level
   a - Static Discharge               Conjuration/Air              3
   b - Lightning Bolt                 Conjuration/Air              5
   c - Fireball                       Conjuration/Fire             5
   d - Tornado                        Air                          9
   e - Shatter                        Earth                        9
 x - a book of Callings

   Spells                             Type                      Level
   a - Summon Small Mammal            Summoning                    1
   b - Call Imp                       Summoning                    2
   c - Call Canine Familiar           Summoning                    3
   d - Summon Guardian Golem          Hexes/Summoning              3
   e - Summon Lightning Spire         Summoning/Air                4
   f - Summon Ice Beast               Ice/Summoning                4
Miscellaneous
 M - a fan of gales (inert)
Comestibles
 f - 3 bread rations
 g - 3 beef jerkies
 j - a slice of pizza
 v - a royal jelly


   Skills:
 * Level 12.8 Fighting
 * Level 13.1 Maces & Flails
 - Level 2.0 Throwing
 + Level 6.8 Dodging


You had 9 spell levels left.
You didn't know any spells.

Dungeon Overview and Level Annotations

Branches:
Dungeon (10/15)            Temple (1/1) D:5
   Lair: D:8-11         Orc: D:9-12

Altars:
Dithmenos
Elyvilon
Fedhas
Gozag
Hepliaklqana
Makhleb
Pakellas
Ru
Sif Muna
Trog
Uskayaw
Vehumet
Yredelemnul
Zin
The Shining One

Annotations:
D:7 Arkorax's ghost, novice OgGl


Innate Abilities, Weirdness & Mutations

You are too large for most types of armour.
You have tough skin. (AC +1)


Message History

* * * LOW HITPOINT WARNING * * *
It was a potion of brilliance.
You feel clever all of a sudden.
The troll barely misses you. x2; The troll claws you.
* * * LOW HITPOINT WARNING * * *
Okay, then.
Unknown command.
The troll misses you. The troll barely misses you. The troll claws you!
* * * LOW HITPOINT WARNING * * *
It was a potion of cure mutation.
It has a very clean taste.
It was a potion of degeneration.
There was something very wrong with that liquid.
You feel weakened.
You feel dopey.
You feel clumsy. The troll barely misses you. The troll claws you!
* * * LOW HITPOINT WARNING * * *
The troll claws you!
* * * LOW HITPOINT WARNING * * *
The troll bites you!
You die...
Your body crumbles into a pile of gold.

#..#
#.........#
#..#
#.....#####
#..# #.....#
#..# #.....#
#..# #.....#
#..# #.....#
#..# #.....#
#..#####.....#
#(.....T@..###
#...#+####.#
#.>.#....#.#
#...#....#.#
#...#....#.#
###.#....'.#
#.#....#.#
#.######.#
#........###


You could see a troll.

Vanquished Creatures
  Pikel (D:8)
  Joseph (D:8)
  A shadow (D:10)
  7 yaks
  A hungry ghost (D:10)
  A hippogriff (D:8)
  A steam dragon (D:9)
  3 ice beasts
  A porcupine (D:9)
  3 phantoms
  2 sky beasts
  3 ogres
  A centaur (D:5)
  A crocodile (D:9)
  2 giant frogs
  A wyvern zombie (D:10)
  A water moccasin zombie (D:5)
  2 scorpions (D:7)
  7 killer bees
  3 wights (D:6)
  3 howler monkeys (D:9)
  A jelly (D:10)
  3 crimson imps
  A giant frog zombie (D:6)
  6 orc wizards
  2 orc priests
  A centaur skeleton (D:6)
  A hound (D:9)
  3 iguanas
  9 worker ants
  A worker ant zombie (D:9)
  A howler monkey skeleton (D:5)
  7 gnolls
  10 adders
  3 shadow imps
  5 worms
  4 dart slugs
  6 giant geckos
  18 orcs
  3 ball pythons
  8 giant cockroaches
  9 goblins
  10 hobgoblins
  8 jackals
  6 kobolds
  A quokka (D:6)
  7 bats
  A giant gecko skeleton (D:5)
  6 giant newts
  A jackal zombie (D:8)
  5 rats
193 creatures vanquished.

Vanquished Creatures (others)
  A hydra (D:9)
  2 fungi (D:10)
  8 plants (D:10)
11 creatures vanquished.

Grand Total: 204 creatures vanquished

Notes
Turn   | Place    | Note
--------------------------------------------------------------
     0 | D:1      | Arkorax the Ogre Gladiator began the quest for the Orb.
     0 | D:1      | Reached XP level 1. HP: 22/22 MP: 1/1
   185 | D:1      | Reached XP level 2. HP: 28/31 MP: 2/2
   686 | D:2      | Reached XP level 3. HP: 34/39 MP: 3/3
   960 | D:2      | Found a shadowy altar of Dithmenos.
   979 | D:2      | Reached skill level 5 in Maces & Flails
   979 | D:2      | Reached XP level 4. HP: 10/48 MP: 4/4
  2365 | D:3      | Noticed an ice beast
  2383 | D:3      | Killed an ice beast
  2383 | D:3      | Reached skill level 5 in Fighting
  2383 | D:3      | Reached skill level 6 in Maces & Flails
  2383 | D:3      | Reached XP level 5. HP: 16/57 MP: 5/5
  2907 | D:3      | Found a bloodstained altar of Trog.
  2913 | D:3      | Reached XP level 6. HP: 58/66 MP: 6/6
  3474 | D:4      | Noticed a phantom
  3990 | D:4      | Killed a phantom
  3990 | D:4      | Reached skill level 7 in Maces & Flails
  3990 | D:4      | Reached XP level 7. HP: 57/76 MP: 7/7
  4085 | D:4      | Found a glowing golden altar of the Shining One.
  4294 | D:4      | Found a white marble altar of Elyvilon.
  4391 | D:5      | Entered Level 5 of the Dungeon
  4468 | D:5      | Found a staircase to the Ecumenical Temple.
  4482 | Temple   | Entered the Ecumenical Temple
  4504 | Temple   | Became a worshipper of Gozag Ym Sagoz the Greedy
  4779 | D:5      | Reached skill level 8 in Maces & Flails
  4849 | D:5      | Reached XP level 8. HP: 80/88 MP: 8/8
  5125 | D:5      | Reached skill level 9 in Maces & Flails
  5462 | D:6      | Found a blossoming altar of Fedhas.
  5917 | D:6      | Reached skill level 5 in Dodging
  5931 | D:6      | Found a radiant altar of Vehumet.
  6403 | D:7      | Noticed Arkorax's ghost (novice OgGl)
  6587 | D:6      | Reached skill level 10 in Maces & Flails
  6587 | D:6      | Reached XP level 9. HP: 66/100 MP: 9/9
  6776 | D:8      | Noticed Joseph
  6784 | D:8      | Killed Joseph
  6784 | D:8      | Reached skill level 10 in Fighting
  6917 | D:8      | Noticed Pikel
  6937 | D:8      | Killed Pikel
  6937 | D:8      | Reached skill level 11 in Maces & Flails
  7080 | D:8      | Noticed a queen bee
  7483 | D:9      | Reached XP level 10. HP: 97/114 MP: 10/10
  7731 | D:9      | Reached skill level 12 in Maces & Flails
  8243 | D:9      | Found an oddly glowing altar of Pakellas.
  8243 | D:9      | Noticed a five-headed hydra
  8249 | D:9      | Killed a five-headed hydra
  8327 | D:10     | Entered Level 10 of the Dungeon
  8544 | D:10     | Paralysed by fainting for 11 turns
  8879 | D:10     | Reached skill level 13 in Maces & Flails
  9009 | D:10     | Slain by a troll

Vault maps used:
D:1:      dpeg_arrival_brainrot, minmay_misc_feat_enclosed
D:2:      serial_bayou_ford_a, grunt_dithmenos_smoke_and_mirrors
D:3:      bloody_trog, first_bread, kennysheep_small_spiral
D:4:      elyvilon_altar_1, tso_oasis_becter, serial_park_tiny_2, bh_chokoban
D:5:      minmay_temple_entry_trees
D:6:      vehumet_altar_wand_db, kennysheep_cluttered_room,
          corexii_leaking_fountain, fedhas_altar_3
D:7:      okawaru_humans, nemelex_xobeh_ov_fountains_minmay
D:8:      minitemple, david_nohive_1, fountainhead, uniq_psyche, uniq_pikel,
          uniq_joseph, uniq_prince_ribbit1
D:9:      gammafunk_pakellas_cloud_experiment, enter_bailey_3
D:10:     minmay_lair_entry_grove, uniq_urug
Temple:   triangle_lava_temple_10

Skill      XL: |  1  2  3  4  5  6  7  8  9 10 |
---------------+-------------------------------+-----
Fighting       | 3 4 5 6 7 9 11 12 | 12.8
Dodging        | 3 4 5 6 |  6.8
Maces & Flails | 5 6 7 8 10 11 13 | 13.1
Throwing       | |  2.0

Action                   |  1- 3 |  4- 6 |  7- 9 | 10-12 || total
-------------------------+-------+-------+-------+-------++-------
Melee: Flail             |   115 |   228 |    57 |       ||   400
       Giant spiked club |       |       |   232 |    41 ||   273
       Giant club        |       |       |       |    87 ||    87
Throw: Throwing net      |       |     2 |       |     2 ||     4
Evoke: Wand              |       |       |     3 |     2 ||     5
       Fan of gales      |       |       |       |     1 ||     1
  Use: Potion            |     3 |       |     1 |     5 ||     9
       Scroll            |       |     6 |     4 |       ||    10
 Stab: Distracted        |       |       |       |     2 ||     2
  Eat: Chunk             |       |     4 |       |       ||     4
       Bread ration      |       |     1 |       |     1 ||     2
       Meat ration       |       |     1 |     2 |     1 ||     4
Armor: Robe              |    56 |    64 |    86 |    27 ||   233
       Skin              |    39 |     5 |    66 |       ||   110
Dodge: Dodged            |    87 |   107 |   216 |   101 ||   511
